 Dungeon Crawl Stone Soup version 0.30-a0-596-g0af90f9a20 (webtiles) character file.

Game seed: 7098926566750032201

4858 bmack86 the Fighter (level 10, 0/93 HPs)
             Began as a Minotaur Fighter on Jan 7, 2023.
             Was a Priest of Okawaru.
             Slain by a gnoll bouda
             ... wielding a +0 spear
              (6 damage)
             ... in a bailey.
             The game lasted 00:19:56 (6149 turns).

bmack86 the Fighter (Minotaur Fighter)              Turns: 6149, Time: 00:19:56

Health: 0/93       AC: 30    Str: 26    XL:     10   Next: 25%
Magic:  12/12      EV:  4    Int:  5    God:    Okawaru [***...]
Gold:   462        SH:  5    Dex:  9    Spells: 9/9 levels left

rFire   . . .      SeeInvis .    a - +1 war axe
rCold   . . .      Faith    .    c - +0 buckler
rNeg    . . .      Spirit   .    J - +0 crystal plate armour
rPois   .          Reflect  .    l - +2 hat
rElec   .          Harm     .    h - +2 cloak
rCorr   .          Rampage  .    u - +0 pair of gloves
Will    +....                    o - +0 pair of boots Stlth
                                 m - amulet of magic regeneration
HPRegen 0.35/turn                s - +4 ring of protection
MPRegen 0.53/turn                b - ring of willpower

@: weakened
A: horns 2, retaliatory headbutt
a: Renounce Religion, Heroism


You were in a bailey.
You worshipped Okawaru.
Okawaru was most pleased with you.
You visited 2 branches of the dungeon, and saw 9 of its levels.
You also visited: Ossuary and Bailey.

You collected 462 gold pieces.

Inventory:

Hand Weapons
 a - a +1 war axe (weapon)
Missiles
 p - 5 silver javelins
 q - 16 boomerangs (quivered)
 E - 4 throwing nets
 I - 2 boomerangs of dispersal
Armour
 c - a +0 buckler (worn)
 h - a +2 cloak (worn)
 l - a +2 hat (worn)
 o - a +0 pair of boots (worn)
 u - a +0 pair of gloves (worn)
 w - a +0 chain mail
 J - a +0 crystal plate armour (worn)
Jewellery
 b - a ring of willpower (right hand)
 m - an amulet of magic regeneration (around neck)
 s - a +4 ring of protection (left hand)
Wands
 A - a wand of roots (13)
Scrolls
 g - 5 scrolls of fog
 k - a scroll of enchant weapon
 n - a scroll of blinking
 r - 5 scrolls of teleportation
 y - a scroll of amnesia
 D - 2 scrolls of silence
 F - a scroll of immolation {unknown}
Potions
 d - 5 potions of might
 e - 10 potions of curing
 f - a potion of resistance
 i - 2 potions of degeneration
 j - a potion of attraction
 t - 3 potions of flight
 v - 2 potions of mutation
 x - 2 potions of ambrosia
 z - 2 potions of heal wounds
 B - a potion of magic {unknown}
 C - a potion of lignification {unknown}
 G - a potion of brilliance {unknown}
 H - a potion of haste {unknown}


   Skills:
 * Level 10.0 Fighting
 * Level 9.6 Axes
 + Level 5.0 Throwing
 + Level 7.5 Armour
 + Level 7.4 Shields
 + Level 4.6 Invocations


You had 9 spell levels left.
You didn't know any spells.
Your spell library contained the following spells:

 Spells                   Type           Power      Damage    Failure   Level
 Portal Projectile        Hex/Tloc       0%         N/A       100%        3
 Leda's Liquefaction      Hex/Erth       0%         N/A       100%        4
 Blade Hands              Tmut           0%         N/A       100%        5
 Call Canine Familiar     Summ           Unusable   N/A       N/A         3
 Tukima's Dance           Hex            Unusable   N/A       N/A         3

Dungeon Overview and Level Annotations

Branches:
Dungeon (8/15)             Temple (1/1) D:4         Ossuary (visited)
 Bailey (1/1)
   Lair: D:8-11

Altars:
Ashenzari
Cheibriados
Fedhas
Nemelex Xobeh
Okawaru
Trog
Uskayaw
Wu Jian
Zin


Innate Abilities, Weirdness & Mutations

You have a pair of horns on your head.
You reflexively headbutt those who attack you in melee.


Message History

The gnoll sergeant is almost dead.
You hit the gnoll sergeant. You hit the wolf but do no damage.
You feel like a meek peon again. The wolf bites you but does no damage.
You slash the gnoll sergeant!
You kill the gnoll sergeant!
Okawaru accepts your kill.
You barely miss the wolf. You slash the gnoll sergeant!
The wolf bites you but does no damage. You block the gnoll bouda's attack.
You block the gnoll sergeant's attack.
The gnoll sergeant hits you but does no damage.
The wolf bites you but does no damage.
You miss the wolf.
The wolf is moderately wounded.
You hit the gnoll sergeant but do no damage.
The wolf closely misses you. You furiously retaliate!
You headbutt the wolf.
The gnoll bouda hits you but does no damage.
The gnoll sergeant hits you but does no damage.
The gnoll sergeant hits you from afar with a +0 bardiche!
* * * LOW HITPOINT WARNING * * *
The gnoll bouda gazes fiercely through you!
You feel your attacks grow feeble.
The gnoll bouda hits you but does no damage.
The wolf bites you but does no damage. The gnoll sergeant barely misses you.
You furiously retaliate!
You headbutt the gnoll sergeant!
The gnoll sergeant hits you from afar with a +0 bardiche!
* * * LOW HITPOINT WARNING * * *
The wolf bites you but does no damage. You block the gnoll bouda's attack.
You block the gnoll sergeant's attack.
Things that are here:
a +0 glaive; a +0 plate armour; a gnoll corpse You hit the gnoll sergeant.
The gnoll sergeant is almost dead.
You hit the gnoll bouda. You hit the wolf but do no damage.
The wolf bites you but does no damage.
The gnoll sergeant hits you from afar with a +0 bardiche!
* * * LOW HITPOINT WARNING * * *
The wolf bites you but does no damage.
The gnoll bouda hits you with a +0 spear.
You die...

♣♣♣♣♣♣♣♣♣♣♣♣ ≈≈≈≈≈≈≈≈≈≈≈♣♣
########### #...≈≈♣♣
##.8.......8 ###..≈.♣
##...g....... #..≈.♣ ♣
#..†hgg...... #..≈.. ♣≈
#.)†(@##### #..≈.. ♣≈.
#.)))##...## #..≈..
♣≈..##'###.....######..≈..
♣≈......#.....).#..)'...).
♣≈......'...8).)'...'...†.
♣≈......#.....).#...'...).
♣≈..##+###.....######..≈..
♣≈.. ##...## #..≈.. ♣≈.
##### #..≈..


You could see 2 gnoll sergeants, a wolf and a gnoll bouda.

Vanquished Creatures
  A cyclops (D:6)
  Grinder (D:3)
  Edmund (D:6)
  A steam dragon (D:6)
  A water moccasin (D:6)
  An orc warrior (D:7)
  2 black bears
  An ogre (D:6)
  3 wolves (Bailey)
  4 centaurs
  3 phantoms
  A kobold brigand (D:6)
  3 bullfrogs
  3 gnoll sergeants (Bailey)
  4 scorpions (Ossuary)
  8 wights
  5 killer bees (D:7)
  4 centaur zombies (Ossuary)
  7 hounds
  3 orc priests
  3 human zombies (Ossuary)
  3 jellies
  4 gnoll boudas
  2 iguanas
  7 orc wizards
  A scorpion zombie (Ossuary)
  3 mummies (Ossuary)
  23 gnolls
  9 adders
  2 shadow imps (D:6)
  A white imp (D:5)
  An ufetubus (D:4)
  4 dart slugs
  35 orcs
  3 endoplasms
  A giant cockroach (D:1)
  9 goblins
  3 hobgoblins
  3 jackals (D:2)
  4 quokkas
  7 ball pythons
  2 bats (D:2)
  4 frilled lizards
  2 gnoll zombies (Ossuary)
  3 goblin zombies (Ossuary)
  A hobgoblin zombie (Ossuary)
  11 kobolds
  2 kobold zombies (Ossuary)
  3 orc zombies (Ossuary)
  5 rats
218 creatures vanquished.

Notes
Turn   | Place    | Note
-------+----------+-------------------------------------------
     0 | D:1      | bmack86 the Minotaur Fighter began the quest for the Orb.
     0 | D:1      | Reached XP level 1. HP: 19/19 MP: 0/0
   171 | D:1      | Reached XP level 2. HP: 27/27 MP: 1/1
   283 | D:1      | Reached skill level 4 in Fighting
   827 | D:2      | Reached XP level 3. HP: 19/33 MP: 2/2
  1737 | D:3      | Noticed Grinder
  1748 | D:3      | Killed Grinder
  1749 | D:3      | Reached skill level 5 in Fighting
  1749 | D:3      | Reached skill level 1 in Throwing
  1749 | D:3      | Reached XP level 4. HP: 18/42 MP: 3/3
  1749 | D:3      | Reached XP level 5. HP: 20/48 MP: 4/4
  2437 | D:4      | Reached XP level 6. HP: 56/56 MP: 5/5
  2501 | D:4      | Reached skill level 5 in Axes
  2584 | D:4      | Found a staircase to the Ecumenical Temple.
  2599 | Temple   | Entered the Ecumenical Temple
  2638 | Temple   | Became a worshipper of Warmaster Okawaru
  2760 | D:4      | You fall into a shaft and drop 1 floor!
  2760 | D:5      | Entered Level 5 of the Dungeon
  2796 | D:4      | Found a bloodstained altar of Trog.
  2808 | D:4      | Found a hide-covered altar of Uskayaw.
  2833 | D:4      | Reached skill level 5 in Armour
  3023 | D:5      | Reached skill level 6 in Fighting
  3023 | D:5      | Reached skill level 5 in Shields
  3023 | D:5      | Reached XP level 7. HP: 46/63 MP: 6/6
  3040 | D:5      | Found a broken altar of Ashenzari.
  3177 | D:5      | Reached skill level 1 in Invocations
  3837 | D:6      | Reached * piety under Okawaru
  3838 | D:6      | Reached XP level 8. HP: 67/71 MP: 8/8
  3849 | D:6      | Noticed Edmund
  3882 | D:6      | Killed Edmund
  3883 | D:6      | Reached skill level 7 in Fighting
  3899 | D:6      | Found a sand-covered staircase.
  3913 | Ossuary  | Entered an ossuary
  4184 | Ossuary  | Reached ** piety under Okawaru
  4319 | D:6      | Reached skill level 8 in Fighting
  4627 | D:6      | Found a blossoming altar of Fedhas.
  4637 | D:6      | Reached XP level 9. HP: 73/81 MP: 10/10
  4746 | D:6      | Noticed a cyclops
  4818 | D:6      | Killed a cyclops
  4818 | D:6      | Reached *** piety under Okawaru
  4985 | D:6      | Reached skill level 9 in Fighting
  5265 | D:7      | Received a gift from Okawaru
  5586 | D:7      | Reached XP level 10. HP: 77/91 MP: 12/12
  5959 | D:8      | Found a flagged portal.
  5975 | Bailey   | Entered a bailey
  6140 | Bailey   | Reached skill level 5 in Throwing
  6144 | Bailey   | Received a gift from Okawaru
  6145 | Bailey   | Reached skill level 10 in Fighting
  6149 | Bailey   | Slain by a gnoll bouda

Illustrated notes

Levels and vault maps discovered:
D:1:      minmay_arrival_semitransparent, layout_basic
D:2:      layout_loops_cross
D:3:      layout_basic, kennysheep_generic_room_16, uniq_grinder
D:4:      layout_basic, mainiacjoe_overflow_catwalk_spiral,
          minmay_temple_entry_grid
D:5:      layout_basic, cheibrodos_ashenzari_chains
D:6:      minmay_clustersquares, layout_basic, overflow_temple_1_default,
          lightli_ossuary_entry_decrepit_ruins, patterned_corridor, uniq_edmund
D:7:      layout_basic
D:8:      layout_loops_ring, enter_bailey_4, st_stairs_3
Temple:   mainiacjoe_temple_bowtie_tessellation
Bailey:   bailey_polearm_gnolls_kennysheep, bailey

Skill      XL: |  1  2  3  4  5  6  7  8  9 10 |
---------------+-------------------------------+-----
Fighting       | 4 5 6 8 9 10 | 10.0
Axes           | 3 4 5 6 7 9 |  9.6
Armour         | 4 5 6 7 |  7.5
Shields        | 4 5 6 7 |  7.4
Throwing       | 1 2 3 4 5 |  5.0
Invocations    | 1 3 4 |  4.6

Action                   |  1- 3 |  4- 6 |  7- 9 | 10-12 || total
-------------------------+-------+-------+-------+-------++-------
Melee: War axe           |    83 |    68 |   339 |    68 ||   558
       Headbutt          |     8 |    11 |    74 |    13 ||   106
Throw: Boomerang         |     5 |    11 |     1 |       ||    17
Invok: Heroism           |       |       |     2 |     2 ||     4
  Use: Scroll            |       |    10 |     8 |     1 ||    19
Armor: Scale mail        |    48 |    71 |    58 |       ||   177
       Chain mail        |       |       |   188 |    75 ||   263
       Crystal plate arm |       |       |       |    60 ||    60
Dodge: Dodged            |    42 |    46 |   112 |    62 ||   262
Block: Buckler           |    22 |    18 |   113 |    45 ||   198

Table legend: (Time is in decaauts)
 A = Elapsed time spent in this place.
 B = Non-inter-level travel time spent in this place.
 C = Inter-level travel time spent in this place.
 D = Time resting spent in this place.
 E = Time spent auto-exploring this place.
 F = Levels seen in this place.
 G = Mean time per level.
                   A        B        C        D        E       F      G
               +--------+--------+--------+--------+--------+-----+--------+
         Total |   6259 |   6021 |    238 |    127 |   3351 |  11 |  569.0 |
       Dungeon |   5660 |   5439 |    221 |    127 |   3325 |   8 |  707.5 |
        Temple |     57 |     40 |     17 |      0 |     26 |   1 |   57.0 |
       Ossuary |    372 |    372 |      0 |      0 |      0 |   1 |  372.0 |
        Bailey |    169 |    169 |      0 |      0 |      0 |   1 |  169.0 |
               +--------+--------+--------+--------+--------+-----+--------+

Top non-repeatable levels by time:
     D:6: 1014 daAuts
     D:3: 862 daAuts
     D:7: 827 daAuts
     D:5: 823 daAuts
     D:1: 783 daAuts
     D:2: 715 daAuts
     D:4: 586 daAuts
 Ossuary: 372 daAuts
  Bailey: 169 daAuts
  Temple: 57 daAuts
     D:8: 46 daAuts
